 Dungeon Crawl Stone Soup version 0.20-a0-924-gfa95efa (webtiles) character file.

1218 JeffiDaFish the Cudgeler (level 8, -9/49 HPs)
             Began as a Gargoyle Fighter on Mar 27, 2017.
             Mangled by an orc warrior
             ... wielding a +0 great sword
              (11 damage)
             ... on level 5 of the Dungeon on Mar 28, 2017.
             The game lasted 00:10:36 (4986 turns).

JeffiDaFish the Cudgeler (Gargoyle Fighter)         Turns: 4986, Time: 00:10:36

Health: -9/49      AC: 21    Str: 21    XL:     8   Next: 46%
Magic:  17/17      EV:  5    Int: 12    God:
Gold:   173        SH: 10    Dex: 11    Spells: 7/7 levels left

rFire    . . .     SeeInvis .   a - +1 flail
rCold    . . .     Gourm    .   c - +0 shield
rNeg     + . .     Faith    .   s - +0 plate armour (curse)
rPois    ∞         Spirit   .   (no helmet)
rElec    +         Reflect  .   n - +0 cloak
rCorr    .         Harm     .   m - +0 pair of gloves
MR       .....                  e - +0 pair of boots
Stlth    ..........             q - amulet "Nuarasogg" {+Rage rPois MP+9 Int+2}
Regen    0.2/turn               (no ring)
MPRegen  0.2/turn               (no ring)

@: no status effects
A: camouflage 1, clever 1, negative energy resistance 1, electricity resistance,
unbreathing, petrification resistance, no potion heal 1, rot immunity, subdued
magic 1, AC +5
a: Evoke Berserk Rage


You were on level 5 of the Dungeon.
You were not hungry.

You visited 1 branch of the dungeon, and saw 6 of its levels.

You collected 173 gold pieces.

Inventory:

Hand Weapons
 a - a +1 flail (weapon)
 b - the +4 falchion "Buodgh" {holy, -Tele rElec rPois rF+ Dex+2}
   (You took it off a gnoll on level 4 of the Dungeon)

   It has been blessed by the Shining One to cause great damage to the undead
   and demons.
   It affects your dexterity (+2).
   It protects you from fire.
   It insulates you from electricity.
   It protects you from poison.
   It prevents most forms of teleportation.
Armour
 c - a +0 shield (worn)
 e - a +0 pair of boots (worn)
 m - a +0 pair of gloves (worn)
 n - a +0 cloak (worn)
 s - a cursed +0 plate armour (worn)
Jewellery
 l - an uncursed ring of wizardry
 q - the amulet "Nuarasogg" (around neck) {+Rage rPois MP+9 Int+2}
   (You found it on level 5 of the Dungeon)

   [amulet of rage]

   It affects your intelligence (+2).
   It protects you from poison.
   It affects your magic capacity (+9).
   It lets you go berserk.
Scrolls
 k - a scroll of identify
 p - a scroll of recharging
Potions
 i - a potion of brilliance
 o - a potion of berserk rage
 r - a potion of ambrosia
Comestibles
 f - 4 bread rations
 g - 4 meat rations
 h - 3 royal jellies
 j - 2 fruits


   Skills:
 + Level 5.2 Fighting
 + Level 1.0 Long Blades
 + Level 6.4 Maces & Flails
 + Level 5.4 Armour
 + Level 1.9 Dodging
 + Level 6.0 Shields


You had 7 spell levels left.
You didn't know any spells.

Dungeon Overview and Level Annotations

Branches:
Dungeon (6/15)
 Temple: D:4-7

Altars:
Qazlal


Innate Abilities, Weirdness & Mutations

You are resistant to torment.
Your stone body is resilient. (AC +5)
You are immune to poison.
You resist negative energy. (rN+)
You are resistant to electric shocks. (rElec)
You can survive without breathing.
You are immune to petrification.
You are immune to rotting.
Your skin changes colour to match your surroundings (Stealth+).
Your mind is acute. (Int +2)
Potions are less effective at restoring your health.
Your spells are a little easier to cast, but a little less powerful.


Message History

You block the orc warrior's attack.
Your plate armour prevents you from hitting the orc warrior.
The orc warrior is severely wounded.
The orc warrior hits you but does no damage.
You block the orc warrior's attack. The orc warrior barely misses you.
The orc warrior blocks your attack.
The orc warrior is severely wounded.
The orc warrior hits you but does no damage.
You block the orc warrior's attack.
The orc warrior hits you but does no damage.
You closely miss the orc warrior.
The orc warrior is severely wounded.
The orc warrior closely misses you.
The orc warrior hits you but does no damage.
You thump the orc warrior!
You kill the orc warrior!
Your Shields skill increases to level 6!
You block the orc warrior's attack.
The orc warrior hits you with a great sword!
You die...

....#
#...))..(.............)..÷.
....#
#.##)##.#####...#####....##
....###.##.##)# #...#
#...... ......#....##.#
#...# #...##.
.##.#.#.##.##.# #...#
#...... .##.#.#.......#
#...# ###....
...........#### #...#####
####.
.#.#....##...######.......#
#.
..###...#......)@o...(..#.#
#.
...#...##......##o......./##
##
.##.##.##.....)............#
.#####.###...####..........#
.......#
##...(##.##.......##
########
##......##........####
###.##........(.....#
#.#####.###.##.##.# #.#
###.###.##.##.#


You could see 2 orc warriors.

Vanquished Creatures
  Menkaure (D:4)
  Edmund (D:4)
  Duvessa (D:4)
  An orc warrior (D:5)
  A phantom (D:4)
  Dowan (D:4)
  A scorpion (D:4)
  2 crimson imps (D:5)
  2 orc priests
  A hound (D:4)
  An iguana (D:5)
  Ijyb (D:4)
  Terence (D:3)
  2 orc wizards (D:5)
  3 worker ants (D:5)
  A howler monkey skeleton (D:4)
  10 adders
  A gnoll (D:4)
  A shadow imp (D:5)
  2 oozes
  An adder skeleton (D:4)
  3 worms
  5 leopard geckos
  28 orcs
  5 bats
  A giant cockroach (D:5)
  5 goblins
  9 hobgoblins
  5 jackals
  2 quokkas (D:3)
  6 frilled lizards
  5 kobolds
  A leopard gecko zombie (D:5)
  6 rats
117 creatures vanquished.

Notes
Turn   | Place    | Note
-------+----------+-------------------------------------------
     0 | D:1      | JeffiDaFish the Gargoyle Fighter began the quest for the Orb.
     0 | D:1      | Reached XP level 1. HP: 14/14 MP: 1/1
   153 | D:1      | Reached XP level 2. HP: 19/19 MP: 2/2
   985 | D:2      | Reached XP level 3. HP: 23/23 MP: 3/3
  1045 | D:2      | Gained mutation: Potions are less effective at restoring your health. [potion of mutation]
  1045 | D:2      | Gained mutation: Your spells are a little easier to cast, but a little less powerful. [potion of mutation]
  1045 | D:2      | Gained mutation: Your skin changes colour to match your surroundings (Stealth+). [potion of mutation]
  1045 | D:2      | Gained mutation: Your mind is acute. (Int +2) [potion of mutation]
  1370 | D:2      | Found a stormy altar of Qazlal.
  1555 | D:2      | Reached XP level 4. HP: 25/28 MP: 4/4
  2046 | D:3      | Reached XP level 5. HP: 33/33 MP: 5/5
  2274 | D:3      | Reached skill level 1 in Dodging
  2392 | D:3      | Noticed Terence
  2399 | D:3      | Killed Terence
  2760 | D:4      | Reached XP level 6. HP: 32/38 MP: 6/6
  2773 | D:4      | Noticed Duvessa
  2774 | D:4      | Noticed Dowan
  2807 | D:4      | Killed Duvessa
  2813 | D:4      | Killed Dowan
  2813 | D:4      | Reached skill level 5 in Shields
  3149 | D:4      | Noticed Menkaure
  3150 | D:4      | Noticed Ijyb
  3164 | D:4      | Killed Ijyb
  3172 | D:4      | Killed Menkaure
  3172 | D:4      | Reached skill level 5 in Maces & Flails
  3172 | D:4      | Reached XP level 7. HP: 18/44 MP: 7/7
  3389 | D:4      | Noticed Edmund
  3407 | D:4      | Killed Edmund
  3498 | D:4      | Got a transparent falchion {holy}
  3499 | D:4      | Identified the +4 falchion "Buodgh" {holy, -Tele rElec rPois rF+ Dex+2} (You took it off a gnoll on level 4 of the Dungeon)
  3996 | D:5      | Entered Level 5 of the Dungeon
  4034 | D:5      | Reached XP level 8. HP: 47/48 MP: 8/8
  4093 | D:5      | Reached skill level 1 in Long Blades
  4175 | D:5      | Got a transparent bronze amulet
  4176 | D:5      | Identified the amulet "Nuarasogg" {+Rage rPois MP+9 Int+2} (You found it on level 5 of the Dungeon)
  4192 | D:5      | Reached skill level 5 in Armour
  4201 | D:5      | Reached skill level 5 in Fighting
  4315 | D:5      | Found a stormy altar of Qazlal.
  4982 | D:5      | HP: 1/49 [orc warrior/enchanted long sword (6)]
  4986 | D:5      | Mangled by an orc warrior

Vault maps used:
D:1:      dpeg_arrival_shrine
D:2:      lemuel_doored_altar
D:3:      uniq_terence
D:4:      first_bread, uniq_edmund, uniq_menkaure, uniq_duvessa, uniq_iyjb
D:5:      lemuel_statue_altar
D:6:      sword_in_stone

Skill      XL: |  1  2  3  4  5  6  7  8 |
---------------+-------------------------+-----
Shields        | 4 5 6 |  6.0
Maces & Flails | 3 4 5 6 |  6.4
Fighting       | 4 5 |  5.2
Dodging        | 1 |  1.9
Armour         | 4 5 |  5.4
Long Blades    | 1 |  1.0

Action                   |  1- 3 |  4- 6 |  7- 9 || total
-------------------------+-------+-------+-------++-------
Melee: Flail             |   150 |   209 |   218 ||   577
       Falchion          |       |       |     9 ||     9
  Use: Potion            |     4 |     4 |     3 ||    11
       Scroll            |     4 |     4 |     3 ||    11
  Eat: Chunk             |     2 |     6 |     6 ||    14
Armor: Scale mail        |    98 |   137 |     6 ||   241
       Chain mail        |       |       |    47 ||    47
       Plate armour      |       |       |    86 ||    86
Dodge: Dodged            |    49 |    65 |    69 ||   183
Block: Shield            |    70 |   108 |   116 ||   294
       Rpst.: Falchion   |       |       |     4 ||     4
